 Dungeon Crawl Stone Soup version 0.20-a0-910-gb611367 (webtiles) character file.

20 inmateoo the Grasshopper (level 2, -10/22 HPs)
             Began as a Demonspawn Warper on Mar 25, 2017.
             Mangled by a gnoll
             ... wielding a +0 halberd
              (14 damage)
             ... on level 2 of the Dungeon.
             The game lasted 00:01:21 (1009 turns).

inmateoo the Grasshopper (Demonspawn Warper)        Turns: 1009, Time: 00:01:21

Health: -10/22     AC:  3    Str:  9    XL:     2   Next: 58%
Magic:  5/5        EV:  7    Int: 14    God:
Gold:   90         SH: 10    Dex: 16    Spells: 5/5 levels left

rFire    . . .     SeeInvis .   a - +0 falchion
rCold    . . .     Gourm    .   b - +0 leather armour
rNeg     . . .     Faith    .   l - +0 large shield
rPois    .         Spirit   .   (no helmet)
rElec    .         Reflect  .   (no cloak)
rCorr    .         Harm     .   (no gloves)
MR       .....                  (no boots)
Stlth    +.........             (no amulet)
Regen    0.1/turn               o - +4 ring of dexterity
MPRegen  0.1/turn               k - -2 ring of strength (curse)

@: no status effects
A: fangs 1, talons 1, powered by pain 1
a: no special abilities


You were on level 2 of the Dungeon.
You were not hungry.

You visited 1 branch of the dungeon, and saw 2 of its levels.

You collected 90 gold pieces.

Inventory:

Hand Weapons
 a - a +0 falchion (weapon)
Missiles
 e - 5 tomahawks of dispersal (quivered)
Armour
 b - a +0 leather armour (worn)
 l - a +0 large shield (worn)
Jewellery
 k - a cursed -2 ring of strength (left hand)
 m - a +3 ring of dexterity
 o - a +4 ring of dexterity (right hand)
Scrolls
 d - 2 scrolls of blinking
 h - a scroll of teleportation
Potions
 g - 2 potions of curing {unknown}
 i - a potion of lignification {unknown}
Books
 c - a book of Spatial Translocations

   Spells                             Type                      Level
   a - Blink                          Translocation                2
   b - Shroud of Golubria             Charms/Translocation         2
   c - Lesser Beckoning               Translocation                3
   d - Gell's Gravitas                Translocation                3
   e - Teleport Other                 Translocation                3
   f - Passage of Golubria            Translocation                4
Comestibles
 f - a bread ration


   Skills:
 + Level 2.2 Fighting
 * Level 2.4 Long Blades
 - Level 0.8 Throwing
 + Level 1.1 Armour
 + Level 2.0 Dodging
 + Level 0.1 Shields
 - Level 2.0 Spellcasting
   Level 2.6 Translocations


You had 5 spell levels left.
You didn't know any spells.

Dungeon Overview and Level Annotations

Branches:
Dungeon (2/15)

Altars:


Innate Abilities, Weirdness & Mutations

You sometimes gain a little power by taking damage.
You have very sharp teeth.
You have sharp toenails.


Message History

You claw the gnoll, but do no damage.
The gnoll is moderately wounded.
The gnoll hits you with a halberd.
You hit the gnoll but do no damage. Your kick misses the gnoll.
Your bite misses the gnoll.
The gnoll is moderately wounded.
You block the gnoll's attack.
You closely miss the gnoll.
The gnoll is moderately wounded.
The gnoll closely misses you.
You closely miss the gnoll. You claw the gnoll.
The gnoll is heavily wounded.
The gnoll hits you with a halberd!
* * * LOW HITPOINT WARNING * * *
Your shield prevents you from hitting the gnoll.
Your kick misses the gnoll.
The gnoll is heavily wounded.
The gnoll hits you with a halberd!
Ouch! That really hurt!
You die...

##.#### #.# #.#
#.# #.# #.# #.#
#)# # #@#
.####.#######g#
........g.....#
..###.#########
#


You could see a gnoll.

Vanquished Creatures
  A gnoll (D:2)
  A goblin (D:1)
  A quokka (D:2)
  A ball python (D:1)
  A bat (D:1)
  A frilled lizard (D:1)
  4 kobolds
  4 rats (D:1)
14 creatures vanquished.

Notes
Turn   | Place    | Note
-------+----------+-------------------------------------------
     0 | D:1      | inmateoo the Demonspawn Warper began the quest for the Orb.
     0 | D:1      | Reached XP level 1. HP: 16/16 MP: 3/3
   266 | D:1      | Reached skill level 1 in Armour
   654 | D:1      | Gained mutation: You have very sharp teeth. [potion of mutation]
   654 | D:1      | Gained mutation: You have sharp toenails. [potion of mutation]
   810 | D:2      | Gained mutation: You sometimes gain a little power by taking damage. [demonic ancestry]
   810 | D:2      | Reached XP level 2. HP: 22/22 MP: 5/5
  1009 | D:2      | Mangled by a gnoll

Vault maps used:
D:1:      lightli_arrival_isolated_outpost, serial_glass, glass_columns_c,
          glass_columns_a, minmay_pentomino_t4

Skill      XL: |  1  2 |
---------------+-------+-----
Long Blades    | 2 |  2.4
Armour         | 1 |  1.1
Dodging        | 2 |  2.0
Fighting       | |  2.2
Throwing       | |  0.8
Shields        | |  0.1
Spellcasting   | |  2.0
Translocations | |  2.6

Action                   || total
-------------------------++-------
Melee: Falchion          ||    58
       Kick              ||    10
       Bite              ||     5
  Use: Scroll            ||     2
       Potion            ||     1
 Stab: Distracted        ||     1
Armor: Leather armour    ||     9
Dodge: Dodged            ||    26
Block: Large shield      ||    17
       Rpst.: Falchion   ||     5
